Map: Neon Violet Square LE

Players

ShoWTimE - Winner!

  • Race: Protoss Protoss
  • Spawn Location: 5:00

TRUE

  • Race: Zerg Zerg
  • Spawn Location: 11:00

Event: WCS Leipzig 2018

VOD

Have the link to the VOD?

Description

Time

  • Played on: Jan. 27, 2018, 11:22 a.m.
  • Length: 14:15

All games in this series

Show
View Real Time Build Order
Export as new Build Order

ShoWTimE Protoss - Winner!

Build Orders: 1 Gate Expand, Oracle Opening, Phoenix Opening, Zealot Archon, Archon Drop 

Get SALT Encoding   

  12  0:00  Probe  
  13  0:12  Probe  
  14  0:19  Pylon  
  14  0:25  Probe (Chrono Boost)  
  15  0:37  Probe (Chrono Boost)  
  16  0:44  Gateway  
  16  0:45  Probe (Chrono Boost)  
  16  0:48  Assimilator  
  17  0:51  Probe  
  18  1:03  Probe  
  19  1:15  Probe  
  20  1:31  Nexus  
  20  1:40  Probe  
  20  1:41  Cybernetics Core  
  21  1:47  Assimilator  
  21  1:52  Probe  
  22  1:57  Pylon  
  22  2:04  Probe  
  23  2:15  Adept (Chrono Boost)  
  23  2:17  Probe  
  23  2:21  Stargate  
  26  2:27  Warp Gate  
  26  2:29  Probe  
  27  2:34  Adept  
  29  2:44  Probe (Chrono Boost)  
  31  2:46  Probe (Chrono Boost)  
  31  2:53  Probe (Chrono Boost)  
  31  2:56  Probe (Chrono Boost)  
  33  2:58  Probe (Chrono Boost)  
  33  3:02  Oracle (Chrono Boost)  
  37  3:06  Probe  
  37  3:10  Probe  
  39  3:15  Pylon  
  39  3:18  Probe  
  40  3:22  Probe  
  41  3:29  Phoenix (Chrono Boost)  
  41  3:30  Probe  
  44  3:34  Probe, Gateway  
  45  3:43  Robotics Facility  
  45  3:45  Probe (Chrono Boost)  
  45  3:46  Probe (Chrono Boost)  
  47  3:53  Assimilator  
  47  3:54  Assimilator  
  49  3:56  Probe (Chrono Boost)  
  49  3:58  Probe (Chrono Boost)  
  49  4:01  Probe (Chrono Boost)  
  49  4:06  Probe  
  49  4:07  Twilight Council  
  51  4:13  Probe  
  51  4:15  Pylon  
  52  4:18  Probe  
  52  4:21  Gateway  
  52  4:22  Gateway  
  53  4:27  Probe  
  53  4:28  Pylon  
  54  4:33  Probe  
  54  4:36  Warp Prism (Chrono Boost)  
  55  4:44  Templar Archives  
  57  4:56  Nexus  
  57  4:59  Pylon  
  57  5:02  Probe x2  
  59  5:09  Forge  
  59  5:14  Probe x2  
  59  5:16  Pylon  
  61  5:26  Probe x2, High Templar x4  
  71  5:31  Archon x2  
  71  5:32  Shield Battery  
  71  5:33  Observer (Chrono Boost)  
  72  5:36  Gateway  
  72  5:37  Gateway  
  72  5:38  Probe  
  72  5:39  Protoss Ground Weapons Level 1 (Chrono Boost)  
  72  5:40  Probe  
  74  5:51  Probe  
  74  5:52  Probe  
  76  5:59  Zealot x2  
  76  6:00  Zealot x2  
  76  6:03  Probe  
  85  6:04  Probe  
  85  6:09  Probe  
  87  6:15  Probe  
  87  6:16  Probe  
  87  6:18  Charge (Chrono Boost)  
  81  6:21  Probe  
  82  6:27  Probe  
  82  6:29  Assimilator  
  82  6:32  High Templar, Assimilator  
  84  6:33  High Templar, Zealot x2  
  84  6:37  Gateway  
  84  6:38  Zealot, Gateway, Archon  
  95  6:42  Probe, Zealot  
  96  6:52  Pylon  
  96  6:58  Probe x2  
  91  7:12  High Templar x4  
  95  7:20  Psionic Storm  
  95  7:24  Immortal (Chrono Boost)  
  95  7:28  Zealot x2  
  103  7:32  Photon Cannon  
  103  7:33  Photon Cannon  
  103  7:35  Pylon  
  103  7:37  Nexus, Protoss Ground Weapons Level 2 (Chrono Boost)  
  103  7:40  Pylon  
  103  7:47  Pylon  
  103  7:48  Zealot x3  
  109  7:57  Immortal  
  113  8:03  High Templar  
  115  8:07  Photon Cannon  
  115  8:10  Zealot x5  
  125  8:15  Probe x2  
  125  8:16  Probe  
  128  8:27  Probe, Pylon  
  128  8:29  Shield Battery, Pylon  
  129  8:37  Assimilator  
  129  8:40  Pylon  
  129  8:41  High Templar  
  131  8:42  High Templar, Assimilator  
  131  8:43  Pylon  
  131  8:47  High Templar x2, Archon, Photon Cannon  
  137  8:52  Archon  
  137  8:56  High Templar x2  
  137  9:00  Archon  
  140  9:03  Probe x2  
  140  9:06  Photon Cannon  
  140  9:08  Photon Cannon  
  140  9:09  Shield Battery  
  142  9:17  Photon Cannon  
  142  9:18  Observer (Chrono Boost)  
  142  9:19  Pylon, Oracle  
  142  9:21  Pylon  
  146  9:26  Shield Battery  
  146  9:28  Pylon  
  146  9:32  Immortal  
  146  9:33  Gateway x2  
  150  9:40  Protoss Ground Weapons Level 3 (Chrono Boost)  
  150  9:47  High Templar x2  
  150  9:49  Zealot x3  
  160  9:55  Zealot x3  
  166  10:10  Photon Cannon  
  166  10:12  Immortal  
  170  10:15  Fleet Beacon  
  170  10:22  Photon Cannon  
  166  10:30  Zealot x4  
  166  10:33  Zealot  
  170  10:38  Zealot x2, Archon  
  170  10:48  Immortal (Chrono Boost)  
  154  10:51  Zealot x3  
  156  10:57  Zealot x2  
  156  10:59  Zealot  
  159  11:11  Pylon  
  159  11:12  High Templar x2  
  159  11:15  Pylon  
  161  11:19  Gateway, Mothership (Chrono Boost)  
  161  11:20  Gateway  
  162  11:31  High Templar  
  162  11:32  High Templar x2  
  176  11:36  Pylon  
  176  11:43  Observer  
  176  11:47  High Templar x5  
  180  11:50  Archon x2  
  180  11:51  Archon  
  180  11:52  Zealot, Anion Pulse-Crystals (Chrono Boost), Archon  
  188  11:59  Stargate  
  188  12:06  Zealot x3  
  194  12:09  Observer (Chrono Boost), Stargate  
  194  12:15  Zealot  
  197  12:16  Protoss Shields Level 1 (Chrono Boost)  
  197  12:21  Zealot  
  199  12:23  Stargate  
  195  12:30  Archon  
  195  12:31  Zealot x5  
  195  12:32  Zealot x2  
  181  12:40  Immortal  
  179  12:44  Zealot x3  
  185  12:54  Tempest (Chrono Boost), Cybernetics Core  
  185  12:56  Zealot  
  185  12:57  Tempest (Chrono Boost)  
  199  13:11  High Templar x4  
  199  13:12  Zealot x3  
  197  13:16  Archon x2  
  197  13:18  Zealot x4  
  177  13:44  High Templar x2  
  177  13:45  High Templar x4, Zealot x4  
  177  13:46  Zealot  
Show
View Real Time Build Order
Export as new Build Order

TRUE Zerg 

Build Orders: Hatch First, Lurkers 

Get SALT Encoding   

  12  0:00  Drone  
  13  0:07  Drone  
  14  0:17  Overlord  
  14  0:22  Extractor  
  14  0:23  Drone  
  15  0:36  Drone  
  16  0:50  Hatchery  
  16  0:53  Drone  
  16  1:09  Drone  
  17  1:22  Drone  
  17  1:23  Spawning Pool  
  17  1:25  Extractor  
  16  1:26  Drone x2  
  18  1:33  Drone  
  19  1:44  Drone  
  20  1:57  Drone  
  21  2:03  Drone  
  22  2:10  Queen  
  22  2:11  Queen  
  22  2:13  Zergling x2  
  22  2:14  Overlord  
  27  2:17  Drone  
  28  2:25  Metabolic Boost  
  28  2:32  Drone  
  28  2:33  Drone  
  28  2:35  Drone  
  31  2:37  Drone  
  32  2:53  Hatchery  
  32  2:55  Drone x2  
  33  3:01  Queen  
  35  3:07  Drone, Overlord  
  36  3:19  Overlord  
  36  3:25  Queen  
  36  3:26  Drone, Zergling x4  
  36  3:27  Drone  
  42  3:28  Drone  
  42  3:31  Drone  
  44  3:35  Evolution Chamber  
  44  3:37  Overlord  
  44  3:40  Drone  
  44  3:41  Drone  
  44  3:44  Drone  
  46  3:49  Drone x3  
  46  3:52  Drone  
  46  3:53  Drone  
  51  3:55  Drone  
  50  4:05  Drone x2, Zerg Melee Weapons Level 1  
  50  4:06  Drone  
  50  4:09  Drone  
  53  4:13  Drone x2  
  53  4:16  Drone  
  56  4:20  Drone x2  
  56  4:21  Drone  
  56  4:23  Extractor  
  58  4:25  Extractor  
  58  4:28  Queen  
  58  4:31  Overlord  
  59  4:34  Drone x2  
  59  4:35  Drone  
  59  4:37  Drone  
  58  4:39  Drone  
  58  4:41  Drone x2  
  58  4:43  Drone  
  62  4:47  Lair  
  62  4:48  Drone  
  62  4:51  Drone  
  62  4:52  Drone  
  65  4:53  Drone  
  66  5:01  Drone  
  66  5:02  Drone x3  
  66  5:03  Drone x2  
  66  5:06  Overlord  
  72  5:08  Overlord  
  72  5:11  Extractor  
  72  5:13  Overlord  
  71  5:19  Overlord  
  71  5:21  Overlord  
  71  5:25  Drone x3  
  71  5:27  Drone x3  
  71  5:28  Drone x3  
  80  5:29  Drone  
  80  5:30  Drone  
  80  5:31  Drone  
  80  5:32  Drone  
  80  5:35  Extractor  
  83  5:36  Extractor  
  82  5:45  Hydralisk Den  
  82  5:46  Zergling x8  
  82  5:47  Zergling x2  
  82  5:48  Zergling x2  
  82  5:49  Zergling x2  
  88  5:51  Zergling x2  
  88  5:52  Zergling x2  
  88  5:53  Zergling x2  
  88  5:55  Zergling x2  
  88  5:56  Zergling x2  
  89  5:59  Zergling x4  
  89  6:00  Zergling x2  
  92  6:05  Zergling x6  
  92  6:09  Zergling x2  
  87  6:15  Zergling x2  
  87  6:17  Zergling x4  
  81  6:25  Zerg Missile Weapons Level 1  
  77  6:32  Hydralisk x5  
  77  6:36  Lurker Den  
  77  6:37  Hydralisk x2  
  90  6:43  Hatchery  
  89  6:49  Hydralisk x3  
  89  6:50  Hydralisk  
  89  6:51  Hydralisk  
  95  6:56  Hydralisk x2  
  95  7:00  Hydralisk  
  97  7:02  Hydralisk  
  97  7:05  Hydralisk  
  97  7:08  Hydralisk  
  96  7:12  Drone x2  
  100  7:15  Drone  
  100  7:16  Drone x2  
  100  7:18  Drone  
  104  7:23  Queen  
  106  7:36  Overlord x2  
  106  7:40  Overlord  
  106  7:44  Overlord  
  105  7:54  Queen  
  105  7:58  Pneumatized Carapace  
  103  8:05  Drone  
  103  8:06  Drone x4, Hydralisk x6  
  103  8:07  Hydralisk  
  103  8:10  Drone  
  123  8:13  Lurker x2  
  123  8:14  Lurker  
  123  8:19  Drone  
  130  8:20  Drone x3  
  130  8:22  Zerg Missile Weapons Level 2  
  130  8:26  Drone  
  130  8:27  Hydralisk  
  131  8:29  Hydralisk  
  131  8:31  Hydralisk  
  137  8:34  Hydralisk  
  137  8:35  Extractor  
  137  8:36  Hydralisk  
  137  8:39  Overseer  
  137  8:40  Hydralisk  
  142  8:42  Overlord  
  142  8:45  Overlord  
  142  8:47  Overlord  
  142  8:49  Overlord  
  142  8:52  Hydralisk  
  144  8:56  Overlord  
  144  8:58  Overlord  
  144  9:01  Hydralisk x2  
  148  9:04  Hydralisk x2  
  148  9:06  Hydralisk  
  148  9:08  Hydralisk  
  156  9:11  Overlord  
  156  9:15  Overlord  
  156  9:17  Lurker x2  
  156  9:19  Lurker x3  
  156  9:21  Hydralisk  
  163  9:26  Hydralisk x2  
  163  9:28  Hydralisk  
  169  9:32  Lurker x2  
  171  9:42  Hydralisk x2  
  171  9:44  Hydralisk x3  
  181  9:46  Zergling x2  
  181  9:47  Zergling x2  
  181  9:48  Zergling x2  
  181  9:49  Zergling x2  
  181  9:50  Zergling x2  
  181  9:52  Zergling x2  
  187  9:53  Zergling x2  
  187  9:54  Zergling x2  
  187  9:56  Hydralisk  
  187  9:58  Hydralisk  
  193  10:01  Hydralisk  
  195  10:13  Hydralisk x2, Muscular Augments  
  199  10:17  Hydralisk  
  199  10:18  Hydralisk  
  199  10:20  Hydralisk  
  199  10:21  Hydralisk  
  199  10:22  Hydralisk x2  
  199  10:25  Hydralisk  
  199  10:28  Zergling x2  
  186  10:30  Zergling x2  
  186  10:35  Hydralisk x2  
  168  10:40  Overseer  
  168  10:41  Hydralisk  
  156  10:47  Drone x2  
  156  10:49  Drone  
  141  10:51  Drone  
  140  11:00  Drone x2  
  131  11:13  Drone x3  
  131  11:14  Drone x2  
  136  11:20  Zergling x6  
  136  11:22  Zergling x2  
  136  11:24  Zergling x2  
  141  11:27  Zergling x4  
  141  11:29  Zergling x2  
  144  11:33  Zergling x2  
  144  11:35  Zergling x4  
  144  11:38  Zergling x2, Overlord  
  148  11:41  Lurker  
  148  11:42  Lurker x3  
  144  11:48  Lurker  
  144  11:51  Zergling x12  
  144  11:52  Hydralisk  
  153  11:55  Hydralisk  
  153  11:58  Hydralisk  
  157  12:07  Hydralisk, Overseer  
  159  12:13  Hydralisk  
  160  12:16  Zergling x2  
  160  12:17  Zergling x14  
  160  12:21  Hydralisk  
  168  12:26  Hydralisk  
  168  12:27  Hydralisk  
  156  12:31  Hydralisk  
  156  12:34  Hydralisk  
  150  12:40  Hydralisk  
  150  12:43  Hydralisk  
  131  12:51  Zergling x4  
  131  12:52  Zergling x8  
  131  12:57  Zergling x2  
  139  12:58  Zergling x2  
  139  13:00  Zergling x4, Queen  
  139  13:01  Queen  
  139  13:03  Lurker  
  139  13:04  Lurker  
  147  13:09  Hydralisk x2  
  147  13:11  Hydralisk  
  139  13:13  Hydralisk  
  139  13:18  Hydralisk  
  134  13:20  Hydralisk  
  134  13:23  Hydralisk x2  
  134  13:24  Hydralisk  
  134  13:25  Zergling x2  
  116  13:27  Zergling x2  
  116  13:30  Zergling x4  
  116  13:32  Zergling x2  
  116  13:33  Zergling x2  
  117  13:34  Zergling x2  
  117  13:37  Zergling x4  
  102  13:44  Zergling x4  
  102  13:45  Zergling x4  
Tags
 
Add a new tag
Caveats
  • Supply blocks, unpowered buildings, or Contaminate may cause inaccurate times.
  • Supply counts are checked every 10 seconds.